 Dungeon Crawl Stone Soup version 0.27-a0-1281-ge233d83751 (webtiles) character file.

Game seed: 12040646026028399931

81 Vomitron the Stinger (level 4, 0/27 HPs)
             Began as an Octopode Venom Mage on June 13, 2021.
             Was a Follower of Kikubaaqudgha.
             Succumbed to an adder's poison
             ... on level 3 of the Dungeon.
             The game lasted 00:03:28 (2398 turns).

Vomitron the Stinger (Octopode Venom Mage)          Turns: 2398, Time: 00:03:29

Health: 0/27       AC:  1    Str:  7    XL:     4   Next: 42%
Magic:  5/7        EV: 13    Int: 18    God:    Kikubaaqudgha [*.....]
Gold:   54         SH:  0    Dex: 12    Spells: 5/8 levels left

rFire    . . .     SeeInvis +   a - +0 dagger
rCold    . . .     Faith    .   (no shield)
rNeg     . . .     Spirit   .   (helmet restricted)
rPois    .         Reflect  .   (no amulet)
rElec    .         Harm     .   c - ring of see invisible
rCorr    .         Rampage  .   (no ring)
Will     .....                  (no ring)
Stlth    +++.......             (no ring)
HPRegen  0.09/turn              (no ring)
MPRegen  0.10/turn              (no ring)
                                (no ring)
                                (no ring)

@: lethally poisoned (0 -> -2), attractive
A: almost no armour, amphibious, 8 rings, camouflage 1, gelatinous body 1,
(nimble swimmer 1), tentacles
a: Renounce Religion, Receive Corpses


You were on level 3 of the Dungeon.
You worshipped Kikubaaqudgha.
Kikubaaqudgha was aware of your devotion.
You visited 1 branch of the dungeon, and saw 3 of its levels.

You collected 54 gold pieces.

Inventory:

Hand Weapons
 a - a +0 dagger (weapon)
Missiles
 e - 49 poisoned darts
Armour
 k - a +0 kite shield
Jewellery
 c - a ring of see invisible (left tentacle)
Wands
 j - a wand of polymorph (10)
Scrolls
 d - 2 scrolls of teleportation {unknown}
 f - a scroll of identify {unknown}
 g - a scroll of immolation {unknown}
 h - a scroll of holy word {unknown}
 i - a scroll of fog {unknown}
 l - a scroll of magic mapping {unknown}


   Skills:
 - Level 2.0 Dodging
 + Level 3.9 Stealth
 + Level 0.3 Shields
 + Level 2.6 Spellcasting
 + Level 0.5 Necromancy
 - Level 1.0 Transmutations
 + Level 4.9 Poison Magic


You had 5 spell levels left.
You knew the following spells:

 Your Spells              Type           Power      Damage    Failure   Level
a - Sting                 Tmut/Pois      52%        1d5       4%          1
b - Poisonous Vapours     Pois/Air       22%        N/A       10%         2

Your spell library contained the following spells:

 Spells                   Type           Power      Damage    Failure   Level
 Pain                     Necr           16%        1d4       14%         1
 Summon Small Mammal      Summ           8%         N/A       17%         1
 Sublimation of Blood     Necr           2%         N/A       21%         2
 Ignite Poison            Fire/Tmut/Pois 9%         N/A       22%         3
 Olgreb's Toxic Radiance  Pois           20%        N/A       22%         4
 Corpse Rot               Necr/Air       N/A        N/A       24%         2
 Call Imp                 Summ           2%         N/A       26%         2
 Mephitic Cloud           Conj/Pois/Air  8%         N/A       26%         3
 Vampiric Draining        Necr           2%         2d6       38%         3
 Call Canine Familiar     Summ           2%         N/A       45%         3
 Summon Guardian Golem    Hex/Summ       2%         N/A       45%         3
 Summon Ice Beast         Ice/Summ       2%         N/A       86%         4
 Summon Lightning Spire   Summ/Air       2%         N/A       86%         4


Dungeon Overview and Level Annotations

Branches:
Dungeon (3/15)

Altars:
Kikubaaqudgha


Innate Abilities, Weirdness & Mutations

You cannot wear most types of armour.
You are amphibious.
You can wear up to eight rings at the same time.
Your skin changes colour to match your surroundings (Stealth+).
Your rubbery body absorbs attacks. (AC +1, EV +1)
((You are camouflaged near water. (Stealth+)))
You have tentacles for arms and can constrict up to eight enemies at once.


Message History

Press: ? - help, Shift-Dir - straight line, f/p - adder
Aim: an adder (moderately wounded, poisoned, 53% to hit)
The sting hits the adder.
The adder looks even sicker.
The adder is heavily wounded.
The adder bites you. The adder barely misses you.
Unknown command.
A bat and an orc come into view.
The orc shouts!
The adder bites you.
You closely miss the adder. Your grab misses the adder.
The adder is almost dead.
The adder bites you.
You are poisoned.
The adder poisons you!
You barely miss the adder. You grab the adder.
The adder is almost dead.
You constrict the adder, but do no damage.
You feel sick. The bat closely misses you. The bat hits you but does no damage.
The adder bites you.
You are more poisoned.
The adder poisons you! The orc misses you.
You release your grip on the adder.
You feel sick. The bat barely misses you. The orc hits you but does no damage.
You feel sick. The bat hits you but does no damage. The adder bites you.
* * * LOW HITPOINT WARNING * * *
The adder barely misses you.
The orc throws a boomerang.
The boomerang misses you.
* * * LOW HITPOINT WARNING * * *
You feel sick.
You kill the adder!
Kikubaaqudgha accepts your kill. The bat closely misses you.
It was a potion of attraction.
You feel attractive to monsters.
* * * LOW HITPOINT WARNING * * *
You feel sick. The bat completely misses you.
* * * LOW HITPOINT WARNING * * *
You feel sick. The bat hits you but does no damage.
You die...
Kikubaaqudgha rasps: "You have failed me!
Welcome... death!"

.......... ...# ###..###
.# ...+ ...... .. ...#
#.#.## .# #### #....# ..
. ######..# .# ...
........## .#
.#.......##..####.###.#.
.+ ..........gb.@.......
.# .....###.o##..###.#.
.... ##.###.# ... #.# .#
.. #.. .. # ##.# .## ..
.. #....


You could see an orc, a hobgoblin and a bat.

Vanquished Creatures
  4 adders
  A worm (D:2)
  A dart slug (D:3)
  4 ball pythons
  3 endoplasms
  3 giant cockroaches
  2 goblins
  3 hobgoblins
  2 jackals (D:1)
  3 kobolds
  5 bats
  3 frilled lizards
  8 rats
42 creatures vanquished.

Notes
Turn   | Place    | Note
-------+----------+-------------------------------------------
     0 | D:1      | Vomitron the Octopode Venom Mage began the quest for the
                  | Orb.
     0 | D:1      | Reached XP level 1. HP: 11/11 MP: 3/3
   237 | D:1      | Reached skill level 4 in Poison Magic
   237 | D:1      | Reached XP level 2. HP: 17/17 MP: 1/5
   858 | D:2      | Learned a level 2 spell: Poisonous Vapours
   917 | D:2      | Reached XP level 3. HP: 17/21 MP: 1/6
  1457 | D:2      | Found a faded altar of an unknown god.
  1472 | D:2      | Became a worshipper of Kikubaaqudgha
  1472 | D:2      | Reached * piety under Kikubaaqudgha
  1472 | D:2      | Identified Kikubaaqudgha's Papyrus of Black Rites
                  | (Kikubaaqudgha gifted it to you on level 2 of the Dungeon)
  1472 | D:2      | Received a gift from Kikubaaqudgha
  1913 | D:2      | Reached XP level 4. HP: 27/27 MP: 0/7
  2397 | D:3      | HP: 1/27 [poisoned by an adder]
  2398 | D:3      | Succumbed to an adder's poison

Illustrated notes

Levels and vault maps discovered:
D:1:      dpeg_arrival_three_bigger_balls, layout_rooms, kennysheep_crisscross,
          nrook_loot_triangle
D:2:      layout_basic, chequers_ecumenical_altar_simple_redux
D:3:      layout_basic, minmay_misc_feat_roman

Skill      XL: |  1 |
---------------+----+-----
Stealth        | 3 |  3.9
Poison Magic   | 4 |  4.9
Dodging        | |  2.0
Shields        | |  0.3
Spellcasting   | |  2.6
Necromancy     | |  0.5
Transmutations | |  1.0

Action                   |  1- 3 |  4- 6 || total
-------------------------+-------+-------++-------
Melee: Dagger            |    38 |     5 ||    43
       Constrict         |     8 |     2 ||    10
       Tentacles         |     6 |       ||     6
 Cast: Sting             |    32 |     5 ||    37
       Poisonous Vapours |     8 |     4 ||    12
  Use: Potion            |       |     1 ||     1
 Stab: Sleeping          |     5 |       ||     5
Armor: Skin              |     2 |     4 ||     6
Dodge: Dodged            |    29 |    13 ||    42

Table legend: (Time is in decaauts)
 A = Elapsed time spent in this place.
 B = Non-inter-level travel time spent in this place.
 C = Inter-level travel time spent in this place.
 D = Time resting spent in this place.
 E = Time spent auto-exploring this place.
 F = Levels seen in this place.
 G = Mean time per level.
                   A        B        C        D        E       F      G
               +--------+--------+--------+--------+--------+-----+--------+
         Total |   2396 |   2328 |     68 |    603 |   1423 |   3 |  798.7 |
       Dungeon |   2396 |   2328 |     68 |    603 |   1423 |   3 |  798.7 |
               +--------+--------+--------+--------+--------+-----+--------+

Top non-repeatable levels by time:
     D:2: 1260 daAuts
     D:1: 853 daAuts
     D:3: 282 daAuts
